Map: Parasitismo LE

Players

Vicster

  • Race: Terran Terran
  • League: Gold
  • Spawn Location: 5:00

Tevish - Winner!

  • Race: Protoss Protoss
  • League: Platinum
  • Spawn Location: 11:00

VOD

Have the link to the VOD?

Description

Time

  • Played on: Jan. 5, 2019, 9:28 a.m.
  • Length: 18:21
Show
View Real Time Build Order
Export as new Build Order

Vicster Terran 

Build Orders:  

Get SALT Encoding   

  12  0:00  SCV  
  13  0:13  SCV  
  14  0:22  Supply Depot  
  14  0:25  SCV  
  15  0:43  SCV  
  15  0:45  Barracks  
  16  0:51  Refinery  
  16  0:55  SCV  
  17  1:07  SCV  
  18  1:19  SCV  
  19  1:29  Barracks  
  19  1:32  SCV  
  20  1:34  Supply Depot  
  20  1:36  Barracks Reactor  
  20  1:46  Orbital Command  
  20  2:12  Marine x2, Factory  
  20  2:13  SCV  
  23  2:16  Refinery  
  23  2:20  Barracks Tech Lab  
  23  2:25  SCV  
  24  2:30  Marine x2  
  26  2:38  Marine  
  26  2:39  SCV  
  28  2:48  Marine x2  
  30  2:53  Stimpack  
  30  2:54  SCV  
  30  2:55  Supply Depot  
  31  3:01  Factory Tech Lab  
  31  3:12  Supply Depot  
  31  3:16  Marine x2  
  31  3:18  Marine  
  34  3:24  Siege Tank  
  37  3:29  Bunker  
  37  3:31  SCV  
  38  3:34  Marine x2  
  38  3:39  Supply Depot  
  40  3:46  SCV  
  41  3:52  Marine x2  
  42  4:07  Command Center  
  42  4:20  Siege Tank  
  42  4:21  Marine x2  
  47  4:29  Supply Depot  
  47  4:34  Marine  
  47  4:35  SCV  
  49  4:46  Marine  
  36  5:30  Orbital Command  
  36  5:34  Bunker  
  31  5:37  Marine x2, Refinery  
  31  5:41  Marauder  
  35  5:46  Barracks  
  35  5:51  SCV, Supply Depot  
  35  5:53  Supply Depot  
  35  5:56  Engineering Bay  
  39  5:58  Siege Tank  
  39  5:59  Marine x2  
  39  6:02  Marauder  
  43  6:11  SCV  
  44  6:13  SCV  
  44  6:18  Marine  
  46  6:23  SCV, Terran Infantry Weapons Level 1  
  46  6:24  Marauder  
  50  6:25  SCV  
  50  6:31  Marine  
  51  6:35  Barracks Tech Lab, SCV  
  51  6:36  Marine  
  51  6:37  SCV  
  54  6:41  Starport  
  54  6:45  Marauder  
  56  6:47  SCV  
  56  6:49  SCV  
  58  6:55  Marine x2  
  58  6:56  Siege Tank  
  58  6:58  Marine  
  58  7:01  Combat Shield  
  64  7:06  Marine, SCV x2  
  67  7:13  Marine  
  68  7:18  SCV x2  
  68  7:19  Marine  
  68  7:22  Marauder  
  73  7:24  Marauder, Starport Reactor  
  73  7:28  Barracks  
  75  7:30  SCV x2  
  75  7:31  Marine  
  78  7:37  Refinery  
  78  7:42  SCV x2  
  79  7:57  Marine x2, Marauder x2  
  85  7:59  Siege Tank  
  88  8:09  Supply Depot  
  88  8:12  Supply Depot  
  88  8:14  Medivac x2  
  88  8:18  Marauder  
  94  8:30  Marine, SCV x2  
  94  8:31  Barracks Tech Lab  
  97  8:36  Barracks  
  97  8:37  Terran Infantry Armor Level 1  
  97  8:42  SCV  
  97  8:44  Medivac  
  100  8:54  SCV  
  100  9:04  Marine x2, Reaper, Marauder  
  100  9:05  Siege Tank  
  100  9:06  Medivac  
  110  9:17  Supply Depot  
  110  9:22  Supply Depot  
  110  9:27  Concussive Shells  
  110  9:35  Armory  
  110  9:39  Marine, Marauder, SCV, Medivac  
  107  10:09  Marine x2  
  107  10:10  Marauder x2  
  107  10:11  Siege Tank, Medivac x2  
  119  10:27  Marine x2  
  121  10:31  Marauder x2  
  121  10:35  SCV  
  126  10:45  Supply Depot  
  126  11:02  Marine x2, SCV  
  126  11:04  Marauder  
  126  11:07  Marauder, Siege Tank  
  93  11:28  Marine x2, Marauder x2  
  93  11:31  Medivac x2  
  95  11:39  Siege Tank  
  98  11:42  Supply Depot  
  98  11:45  Marine  
  98  11:46  Marine, Barracks Reactor  
  100  11:50  Marauder x2  
  104  12:00  Command Center  
  104  12:01  Terran Infantry Weapons Level 2, Medivac  
  106  12:03  Marine  
  106  12:05  Supply Depot  
  107  12:11  Marauder  
  109  12:17  Refinery  
  109  12:19  Terran Vehicle Weapons Level 1  
  109  12:22  Marine x2  
  110  12:23  Marauder  
  113  12:30  Refinery  
  113  12:32  Marine  
  114  12:38  Marine  
  114  12:39  Marine, Marauder  
  114  12:40  Marine  
  116  12:44  Marauder  
  116  12:50  Marauder  
  85  13:29  Marine x7  
  85  13:31  Thor  
  85  13:34  Medivac x2  
  100  13:37  Orbital Command  
  94  13:46  Marine  
  94  13:47  Marine x3  
  95  13:56  Marine x3  
  95  13:59  Command Center  
  98  14:03  Medivac  
  98  14:04  Marine x3  
  98  14:05  Marine, Refinery  
  104  14:11  SCV x2  
  104  14:14  Siege Tank  
  104  14:15  SCV  
  110  14:23  SCV x2  
  110  14:27  SCV  
  111  14:35  SCV x2  
  94  14:39  SCV  
  94  14:42  Marine  
  94  14:43  Marine x6  
  94  14:45  Medivac x2  
  98  14:46  Siege Tank  
  95  15:00  Marine x4  
  95  15:01  Marine x2  
  95  15:03  SCV x3  
  104  15:11  Terran Vehicle Weapons Level 2  
  104  15:13  Terran Infantry Weapons Level 3  
  104  15:15  SCV x3, Medivac  
  109  15:21  Engineering Bay  
  109  15:25  Armory  
  109  15:27  SCV x3  
  112  15:39  SCV x2  
  112  15:41  Command Center  
  114  15:43  Marine  
  114  15:44  Marine x3, Marauder x3  
  114  15:47  Siege Tank  
  127  15:51  Terran Infantry Armor Level 2  
  127  16:01  Marine x2, SCV x3  
  132  16:05  Marauder  
  132  16:06  Marauder  
  132  16:10  Refinery  
  136  16:13  Refinery, SCV, Terran Vehicle And Ship Armor Level 1  
  137  16:22  Supply Depot  
  137  16:25  Supply Depot  
  137  16:26  Supply Depot  
  137  16:28  Medivac x2  
  137  16:30  Marine x3, Marauder  
  146  16:33  SCV  
  146  16:34  SCV  
  148  16:52  SCV  
  148  16:53  SCV x2  
  152  16:56  Planetary Fortress  
  151  17:04  Liberator, SCV  
  151  17:05  Liberator, SCV  
  145  17:16  SCV  
  145  17:18  Command Center  
  148  17:23  Marine x3  
  148  17:24  Marine, Marauder x3  
  148  17:26  Siege Tank  
  155  17:36  SCV  
  155  17:37  SCV x2  
  153  17:49  SCV x3  
  144  18:01  SCV  
Show
View Real Time Build Order
Export as new Build Order

Tevish Protoss - Winner!

Build Orders:  

Get SALT Encoding   

  12  0:01  Probe  
  13  0:13  Probe  
  14  0:19  Pylon  
  14  0:25  Probe  
  15  0:35  Probe  
  15  0:37  Gateway  
  16  0:43  Probe  
  17  0:53  Probe  
  18  1:04  Assimilator  
  18  1:10  Probe  
  19  1:16  Gateway  
  19  1:23  Probe, Pylon  
  20  1:27  Cybernetics Core  
  20  1:32  Pylon  
  20  1:35  Probe  
  21  1:46  Assimilator  
  21  1:49  Assimilator  
  21  2:10  Nexus  
  21  2:13  Probe  
  22  2:15  Warp Gate  
  22  2:21  Probe  
  22  2:29  Probe  
  24  2:45  Stalker x2  
  28  2:52  Gateway  
  28  3:04  Gateway  
  28  3:08  Probe  
  29  3:21  Stalker x2  
  29  3:23  Probe  
  29  3:24  Probe  
  34  3:31  Probe  
  34  3:32  Probe  
  35  3:40  Probe  
  37  3:46  Stalker  
  37  3:47  Probe  
  41  4:04  Stalker  
  41  4:05  Stalker x2  
  41  4:08  Probe  
  41  4:09  Probe  
  49  4:17  Probe  
  47  4:21  Probe  
  49  4:25  Probe  
  49  4:27  Robotics Facility  
  50  4:33  Probe, Pylon  
  49  4:43  Probe  
  49  4:45  Probe  
  51  4:47  Pylon  
  51  4:50  Assimilator  
  49  4:53  Assimilator  
  49  4:55  Probe  
  42  5:17  Stalker x4  
  49  5:32  Probe x2  
  51  5:44  Probe x2  
  51  5:45  Immortal  
  57  5:50  Stalker x4  
  57  5:56  Probe  
  57  5:57  Probe  
  67  6:08  Probe  
  68  6:15  Probe  
  69  6:20  Probe  
  70  6:28  Nexus  
  70  6:32  Assimilator  
  70  6:33  Pylon  
  70  6:34  Shield Battery  
  70  6:36  Assimilator  
  70  6:40  Pylon  
  70  6:42  Stargate  
  70  6:45  Stargate, Pylon  
  70  6:48  Pylon x2  
  70  6:51  Probe x2  
  72  6:58  Immortal  
  72  6:59  Pylon  
  76  7:02  Pylon  
  76  7:03  Probe x2  
  78  7:17  Stalker x4  
  78  7:20  Probe  
  78  7:21  Probe  
  88  7:26  Forge  
  88  7:30  Forge  
  88  7:34  Twilight Council  
  88  7:39  Probe  
  88  7:40  Probe x2  
  91  7:47  Probe  
  92  7:52  Probe x2  
  94  8:04  Probe, Immortal  
  99  8:06  Stalker x4  
  99  8:09  Protoss Air Weapons Level 1, Probe x2  
  109  8:13  Blink  
  109  8:16  Void Ray, Protoss Ground Weapons Level 1  
  109  8:17  Protoss Ground Armor Level 1  
  113  8:35  Stalker x2  
  113  8:37  Stalker  
  119  8:47  Probe x3  
  106  9:05  Nexus  
  106  9:07  Stalker x2  
  106  9:08  Stalker x2  
  114  9:16  Immortal  
  118  9:33  Void Ray x2  
  126  9:43  Pylon  
  126  9:48  Templar Archives  
  126  9:55  Immortal  
  114  10:06  Void Ray x2  
  100  10:16  Stalker x3  
  100  10:17  Stalker  
  116  10:25  Immortal  
  116  10:33  Photon Cannon  
  116  10:35  Photon Cannon  
  120  10:37  Protoss Ground Weapons Level 2  
  120  10:38  Photon Cannon  
  120  10:40  High Templar x3  
  120  10:41  High Templar  
  128  10:44  Archon  
  128  10:45  Archon  
  128  10:46  Psionic Storm  
  128  10:54  Charge  
  92  11:19  Stalker x4  
  92  11:24  Void Ray x2  
  94  11:30  Probe  
  94  11:31  Probe  
  94  11:34  Probe x2  
  94  11:38  Probe  
  94  11:39  Probe  
  98  11:46  Probe x2  
  102  11:48  Probe x2  
  104  11:55  Pylon, Protoss Ground Armor Level 2  
  104  11:58  Probe x2  
  104  11:59  High Templar x3, Pylon  
  104  12:01  Protoss Air Armor Level 1  
  112  12:02  Zealot, Pylon  
  112  12:07  Assimilator  
  114  12:11  Assimilator  
  114  12:23  Nexus  
  114  12:25  Assimilator  
  114  12:29  Observer, Assimilator  
  115  12:32  Zealot x4  
  115  12:33  Probe  
  115  12:34  Probe x2  
  115  12:35  Pylon  
  126  12:39  Pylon  
  126  12:42  Pylon  
  118  12:56  Stalker x4  
  118  12:57  Void Ray x2  
  134  13:10  Protoss Ground Weapons Level 3  
  122  13:30  Probe x4  
  126  13:42  Probe  
  126  13:44  Stalker x4  
  135  13:53  Probe x4  
  135  13:54  Probe, Gateway  
  140  13:56  Gateway  
  140  13:58  Gateway  
  140  14:02  Nexus, Gateway  
  140  14:04  Gateway  
  140  14:05  Assimilator  
  140  14:10  Assimilator  
  140  14:11  Gateway  
  140  14:14  Gateway, Pylon  
  140  14:16  Gateway  
  140  14:17  Pylon  
  140  14:19  Gateway  
  140  14:20  Stalker x4  
  140  14:22  Pylon  
  140  14:23  Protoss Ground Armor Level 3  
  100  14:57  Stalker x2  
  100  14:58  Stalker x4  
  110  15:00  Stalker x3  
  110  15:02  Immortal  
  110  15:03  Void Ray x2  
  128  15:21  Probe x4  
  132  15:24  Probe x2  
  134  15:32  Stargate  
  134  15:33  Probe x4  
  138  15:36  Stargate x2, Probe  
  138  15:41  Fleet Beacon, Immortal  
  143  15:47  Probe x5  
  143  15:48  Void Ray x2, Probe, Photon Cannon, Protoss Shields Level 1  
  157  15:50  Photon Cannon  
  157  15:52  Stalker x3  
  157  15:53  Stalker x3  
  157  15:54  Photon Cannon  
  169  15:57  High Templar x5, Photon Cannon  
  169  16:00  High Templar x2  
  169  16:03  Archon  
  183  16:05  Archon  
  183  16:20  Zealot x6  
  195  16:40  Zealot x2  
  195  16:45  Nexus  
  199  16:48  Assimilator  
  199  16:52  Assimilator  
  199  16:56  Pylon  
  199  16:59  Pylon  
Tags
 
Add a new tag
Caveats
  • Supply blocks, unpowered buildings, or Contaminate may cause inaccurate times.
  • Supply counts are checked every 10 seconds.